MID
BELOIT SNAPPERS @ CHARLESTON RIVERDOGS
09/08/2044
 
TOP OF THE 1ST
Beloit Snappers batting - Pitching for Charleston RiverDogs : RHP Jason Barlow
Pitching: RHP Jason Barlow
Batting: RHB Willie de los Santos 0-0: Ball
1-0: Ball
2-0: Swinging Strike
2-1: Foul Ball, location: 2F
2-2: Ground out 4-3 (Groundball, 4, EV 106.3 MPH)
Batting: RHB Dan Boylan 0-0: SOLO HOME RUN (Flyball, 7D, EV 100.0 MPH), Distance : 420 ft
Batting: LHB Tom Raupp 0-0: Called Strike
0-1: Ball
1-1: Fly out, F9 (Flyball, 9, EV 88.1 MPH)
Batting: SHB D.J. Codd 0-0: Ball
1-0: Fly out, F7 (Flyball, 7, EV 84.4 MPH)
Top of the 1st over - 1 run, 1 hit, 0 errors, 0 left on base; Beloit 1 - Charleston 0
BOTTOM OF THE 1ST
Charleston RiverDogs batting - Pitching for Beloit Snappers : RHP Etsuji Kawasaki
Pitching: RHP Etsuji Kawasaki
Batting: SHB Mike Goad 0-0: Ball
1-0: Called Strike
1-1: Called Strike
1-2: Fly out, F8 (Flyball, 8RS, EV 92.5 MPH)
Batting: SHB Reagan Dudley 0-0: Swinging Strike
0-1: Foul Ball, location: 2F
0-2: Ball
1-2: Strikes out swinging
Batting: RHB James Boynton 0-0: Foul Ball, location: 2F
0-1: SINGLE (Line Drive, 3D, EV 109.4 MPH)
Batting: RHB Mike Gifford 0-0: Swinging Strike
0-1: Ball
1-1: SINGLE (Groundball, 6S, EV 73.8 MPH) (infield hit)
James Boynton to second
Batting: RHB Tim Nordahl 0-0: Fielders Choice at 2nd, 5-4 (Groundball, 56, EV 88.1 MPH)
Bottom of the 1st over - 0 runs, 2 hits, 0 errors, 2 left on base; Beloit 1 - Charleston 0
TOP OF THE 2ND
Beloit Snappers batting - Pitching for Charleston RiverDogs : RHP Jason Barlow
Batting: LHB Nick Pacheco 0-0: Ball
1-0: Ball
2-0: Called Strike
2-1: Called Strike
2-2: Fly out, F7 (Flyball, 78S, EV 88.1 MPH)
Batting: RHB Manny Moron 0-0: Ball
1-0: Ball
2-0: Foul Ball, location: 2F
2-1: Foul Ball, location: 2F
2-2: Foul Ball, location: 2F
2-2: Strikes out swinging
Batting: RHB Rick Linders 0-0: Called Strike
0-1: Ground out 4-3 (Groundball, 4, EV 105.6 MPH)
Top of the 2nd over - 0 runs, 0 hits, 0 errors, 0 left on base; Beloit 1 - Charleston 0
BOTTOM OF THE 2ND
Charleston RiverDogs batting - Pitching for Beloit Snappers : RHP Etsuji Kawasaki
Batting: RHB Steve Martin 0-0: Ground out 6-3 (Groundball, 56D, EV 80.0 MPH)
Batting: RHB Eric Blais 0-0: Ground out 6-3 (Groundball, 6, EV 95.6 MPH)
Batting: RHB Miguel Leal 0-0: Foul Ball, location: 2F
0-1: Foul Ball, location: 2F
0-2: Ground out 6-3 (Groundball, 6, EV 95.0 MPH)
Bottom of the 2nd over - 0 runs, 0 hits, 0 errors, 0 left on base; Beloit 1 - Charleston 0
TOP OF THE 3RD
Beloit Snappers batting - Pitching for Charleston RiverDogs : RHP Jason Barlow
Batting: LHB Raita Inouye 0-0: Ball
1-0: Ball
2-0: Reached on error, E6 (Groundball, 6, EV 90.6 MPH)
Batting: RHB Jim Conrad 0-0: Ball
1-0: Called Strike
1-1: Ball
2-1: Foul Ball, location: 2F
2-2: Foul Ball, location: 2F
2-2: Strikes out swinging
Batting: RHB Willie de los Santos 0-0: Foul Ball, location: 2F
0-1: Ball
1-1: Ground out 6-3 (Groundball, 6M, EV 90.6 MPH)
Raita Inouye to third
Batting: RHB Dan Boylan 0-0: Fly out, F8 (Flyball, 89M, EV 83.1 MPH)
Top of the 3rd over - 0 runs, 0 hits, 1 error, 1 left on base; Beloit 1 - Charleston 0
BOTTOM OF THE 3RD
Charleston RiverDogs batting - Pitching for Beloit Snappers : RHP Etsuji Kawasaki
Batting: RHB Nick Massengale 0-0: Swinging Strike
0-1: Ball
1-1: Swinging Strike
1-2: Strikes out swinging
Batting: SHB Mike Goad 0-0: Ball
1-0: Ground out 6-3 (Groundball, 6, EV 81.9 MPH)
Batting: SHB Reagan Dudley 0-0: Ball
1-0: Ball
2-0: Foul Ball, location: 2F
2-1: Foul Ball, location: 2F
2-2: Fly out, F8 (Flyball, 78S, EV 91.3 MPH)
Bottom of the 3rd over - 0 runs, 0 hits, 0 errors, 0 left on base; Beloit 1 - Charleston 0
TOP OF THE 4TH
Beloit Snappers batting - Pitching for Charleston RiverDogs : RHP Jason Barlow
Batting: LHB Tom Raupp 0-0: Called Strike
0-1: Ball
1-1: Ball
2-1: Ball
3-1: Foul Ball, location: 2F
3-2: Ground out U3 (Groundball, 3, EV 93.1 MPH)
Batting: SHB D.J. Codd 0-0: Ball
1-0: Swinging Strike
1-1: Foul Ball, location: 2F
1-2: Ball
2-2: DOUBLE (Flyball, 8LXD, EV 99.4 MPH)
Batting: LHB Nick Pacheco 0-0: Called Strike
0-1: Ball
1-1: Swinging Strike
1-2: Ball
2-2: Strikes out swinging
Batting: RHB Manny Moron 0-0: Foul Ball, location: 2F
0-1: Ball
1-1: Hit by Pitch
Batting: RHB Rick Linders 0-0: Foul Ball, location: 2F
0-1: Ball
1-1: Swinging Strike
1-2: SINGLE (Flyball, 4D, EV 95.0 MPH)
D.J. Codd to third
Manny Moron to second
Batting: LHB Raita Inouye 0-0: Foul Ball, location: 2F
0-1: DOUBLE (Groundball, 5L, EV 100.6 MPH)
D.J. Codd scores
Manny Moron scores
Rick Linders to third
Batting: RHB Jim Conrad 0-0: Ball
1-0: Called Strike
1-1: Foul Ball, location: 2F
1-2: Ball
2-2: SINGLE (Groundball, 6MS, EV 64.4 MPH) (infield hit)
Rick Linders scores
Raita Inouye to third
Batting: RHB Willie de los Santos 0-0: Ball
1-0: Called Strike
1-1: Ground out 4-3 (Groundball, 34, EV 105.6 MPH)
Top of the 4th over - 3 runs, 4 hits, 0 errors, 2 left on base; Beloit 4 - Charleston 0
BOTTOM OF THE 4TH
Charleston RiverDogs batting - Pitching for Beloit Snappers : RHP Etsuji Kawasaki
Batting: RHB James Boynton 0-0: Ball
1-0: Ball
2-0: SINGLE (Line Drive, 8RS, EV 106.9 MPH)
Batting: RHB Mike Gifford 0-0: Ball
1-0: Fielders Choice at 2nd, 3-6 (Groundball, 3, EV 110.6 MPH)
Batting: RHB Tim Nordahl 0-0: Ball
1-0: Called Strike
Mike Gifford steals 2nd base
1-1: Ground out 6-3 (Groundball, 6, EV 88.8 MPH)
Mike Gifford to third
Batting: RHB Steve Martin 0-0: Fly out, F9 (Flyball, 89M, EV 77.5 MPH)
Bottom of the 4th over - 0 runs, 1 hit, 0 errors, 1 left on base; Beloit 4 - Charleston 0
TOP OF THE 5TH
Beloit Snappers batting - Pitching for Charleston RiverDogs : RHP Jason Barlow
Batting: RHB Dan Boylan 0-0: Ball
1-0: Ball
2-0: Ball
3-0: Called Strike
3-1: Base on Balls
Batting: LHB Tom Raupp 0-0: Ball
Dan Boylan steals 2nd base (no throw)
1-0: DOUBLE (Line Drive, 89XD, EV 110.0 MPH)
Dan Boylan scores
Pitching: RHP Colin Stone
Batting: SHB D.J. Codd 0-0: Called Strike
0-1: Called Strike
0-2: Ball
1-2: Ball
2-2: Foul Ball, location: 2F
2-2: Foul Ball, location: 2F
2-2: Strikes out swinging
Batting: LHB Nick Pacheco 0-0: Ball
1-0: Swinging Strike
1-1: Ball
2-1: Called Strike
2-2: Fly out, F9 (Flyball, 9LD, EV 100.6 MPH)
Batting: RHB Manny Moron 0-0: Ball
1-0: Called Strike
1-1: Ball
2-1: Ground out 4-3 (Groundball, 4, EV 101.9 MPH)
Top of the 5th over - 1 run, 1 hit, 0 errors, 1 left on base; Beloit 5 - Charleston 0
BOTTOM OF THE 5TH
Charleston RiverDogs batting - Pitching for Beloit Snappers : RHP Etsuji Kawasaki
Batting: RHB Eric Blais 0-0: Ball
1-0: SINGLE (Flyball, 3D, EV 90.0 MPH)
Batting: RHB Miguel Leal 0-0: Ball
1-0: Ball
2-0: Called Strike
2-1: Foul Ball, location: 2F
2-2: Ball
3-2: Base on Balls
Eric Blais to second
Batting: RHB Nick Massengale 0-0: Called Strike
0-1: Ball
1-1: Foul Ball, location: 2F
1-2: Strikes out swinging
Batting: SHB Mike Goad 0-0: SINGLE (Groundball, 34S, EV 69.4 MPH) (infield hit)
Eric Blais to third
Miguel Leal to second
Batting: SHB Reagan Dudley 0-0: Ball
1-0: Foul Ball, location: 2F
1-1: Ball
2-1: Ball
3-1: Base on Balls
Eric Blais scores
Miguel Leal to third
Mike Goad to second
Batting: RHB James Boynton 0-0: Ball
1-0: Called Strike
1-1: Ball
2-1: Called Strike
2-2: Ball
3-2: Foul Ball, location: 2F
3-2: Foul Ball, location: 2F
3-2: Foul Ball, location: 2F
3-2: GRAND SLAM HOME RUN (Flyball, 7D, EV 100.6 MPH), Distance : 413 ft
Pitching: RHP Theodore Behr
Batting: RHB Mike Gifford 0-0: Ball
1-0: Foul Ball, location: 2F
1-1: Ball
2-1: Foul Ball, location: 2F
2-2: Ball
3-2: Base on Balls
Batting: RHB Tim Nordahl 0-0: Ball
Mike Gifford is caught stealing 2nd base 2-4
1-0: Foul Ball, location: 2F
1-1: Ball
2-1: Ground out 6-3 (Groundball, 6, EV 107.5 MPH)
Bottom of the 5th over - 5 runs, 3 hits, 0 errors, 0 left on base; Beloit 5 - Charleston 5
TOP OF THE 6TH
Beloit Snappers batting - Pitching for Charleston RiverDogs : RHP Colin Stone
Batting: RHB Rick Linders 0-0: Called Strike
0-1: Fly out, F9 (Flyball, 9D, EV 102.5 MPH)
Batting: LHB Raita Inouye 0-0: Ground out 4-3 (Groundball, 4, EV 100.0 MPH)
Batting: RHB Jim Conrad 0-0: Ground out 5-3 (Groundball, 56S, EV 74.4 MPH)
Top of the 6th over - 0 runs, 0 hits, 0 errors, 0 left on base; Beloit 5 - Charleston 5
BOTTOM OF THE 6TH
Charleston RiverDogs batting - Pitching for Beloit Snappers : RHP Theodore Behr
Batting: RHB Steve Martin 0-0: Called Strike
0-1: Foul Ball, location: 2F
0-2: Foul Ball, location: 2F
0-2: Strikes out looking
Batting: RHB Eric Blais 0-0: Ball
1-0: Ground out 6-3 (Groundball, 6, EV 82.5 MPH)
Batting: RHB Miguel Leal 0-0: Ball
1-0: Ground out 5-3 (Groundball, 56S, EV 88.1 MPH)
Bottom of the 6th over - 0 runs, 0 hits, 0 errors, 0 left on base; Beloit 5 - Charleston 5
TOP OF THE 7TH
Beloit Snappers batting - Pitching for Charleston RiverDogs : RHP Colin Stone
Batting: RHB Willie de los Santos 0-0: Ground out 6-3 (Groundball, 6, EV 100.0 MPH)
Batting: RHB Dan Boylan 0-0: Foul Ball, location: 2F
0-1: Ball
1-1: Ball
2-1: Ball
3-1: Foul Ball, location: 2F
3-2: Foul Ball, location: 2F
3-2: Fly out, F8 (Line Drive, 8LM, EV 90.6 MPH)
Batting: LHB Tom Raupp 0-0: Ball
1-0: Called Strike
1-1: Ball
2-1: Ground out 4-3 (Groundball, 4, EV 94.4 MPH)
Top of the 7th over - 0 runs, 0 hits, 0 errors, 0 left on base; Beloit 5 - Charleston 5
BOTTOM OF THE 7TH
Charleston RiverDogs batting - Pitching for Beloit Snappers : RHP Theodore Behr
Pitching: RHP Jaylen Walker
Batting: RHB Nick Massengale 0-0: Ground out 6-3 (Groundball, 56, EV 103.1 MPH)
Batting: SHB Mike Goad 0-0: Ball
1-0: Swinging Strike
1-1: Ball
2-1: SINGLE (Groundball, 4MD, EV 95.6 MPH)
Batting: SHB Reagan Dudley 0-0: Called Strike
Mike Goad steals 2nd base
0-1: Ground out 5-3 (Groundball, 5, EV 85.0 MPH)
Batting: RHB James Boynton 0-0: Foul Ball, location: 2F
0-1: Called Strike
0-2: Ball
1-2: Strikes out swinging
Bottom of the 7th over - 0 runs, 1 hit, 0 errors, 1 left on base; Beloit 5 - Charleston 5
TOP OF THE 8TH
Beloit Snappers batting - Pitching for Charleston RiverDogs : RHP Colin Stone
Pitching: RHP Gustavo Amparo
Batting: SHB D.J. Codd 0-0: Ground out 3-1 (Groundball, 34, EV 96.3 MPH)
Batting: LHB Nick Pacheco 0-0: Ball
1-0: Ball
2-0: Ball
3-0: Called Strike
3-1: Foul Ball, location: 2F
3-2: Foul Ball, location: 2F
3-2: Base on Balls
Batting: RHB Manny Moron 0-0: Called Strike
Nick Pacheco steals 2nd base
0-1: Ball
1-1: Swinging Strike
1-2: Hit by Pitch
Pinch Hitting: RHB Diwan Abdul-Salam 0-0: Swinging Strike
0-1: Swinging Strike
0-2: Strikes out swinging
Batting: LHB Raita Inouye 0-0: Called Strike
0-1: Foul Ball, location: 2F
0-2: Strikes out swinging
Top of the 8th over - 0 runs, 0 hits, 0 errors, 2 left on base; Beloit 5 - Charleston 5
BOTTOM OF THE 8TH
Charleston RiverDogs batting - Pitching for Beloit Snappers : RHP Jaylen Walker
Now at 2B: Willie de los Santos
Now at 3B: Travis Lanctot
Batting: RHB Mike Gifford 0-0: Called Strike
0-1: Ball
1-1: Ball
2-1: Ball
3-1: Foul Ball, location: 2F
3-2: Strikes out swinging
Pitching: RHP Ubbe Dekker
Pinch Hitting: LHB Tatsuo Yasui 0-0: Called Strike
0-1: Swinging Strike
0-2: Strikes out looking
Batting: RHB Steve Martin 0-0: Ball
1-0: Ball
2-0: Ball
3-0: Base on Balls
Batting: RHB Eric Blais 0-0: Ball
1-0: Ball
2-0: Ball
3-0: Foul Ball, location: 2F
3-1: Base on Balls
Steve Martin to second
Batting: RHB Miguel Leal 0-0: Foul Ball, location: 2F
0-1: Called Strike
0-2: Strikes out swinging
Bottom of the 8th over - 0 runs, 0 hits, 0 errors, 2 left on base; Beloit 5 - Charleston 5
TOP OF THE 9TH
Beloit Snappers batting - Pitching for Charleston RiverDogs : RHP Gustavo Amparo
Now at 1B: Tatsuo Yasui
Pinch Hitting: RHB Kyle Waters 0-0: Ball
1-0: Swinging Strike
1-1: Fly out, F8 (Flyball, 8RD, EV 84.4 MPH)
Batting: RHB Willie de los Santos 0-0: DOUBLE (Line Drive, 8LD, EV 104.4 MPH)
Batting: RHB Dan Boylan 0-0: Ball
1-0: Ball
2-0: Swinging Strike
2-1: Called Strike
2-2: Foul Ball, location: 2F
2-2: Ground out 5-3 (Groundball, 56, EV 88.1 MPH)
Batting: LHB Tom Raupp 0-0: Ball
1-0: Swinging Strike
1-1: Foul Ball, location: 2F
1-2: Foul Ball, location: 2F
1-2: Ball
2-2: Ground out 5-3 (Groundball, 5, EV 89.4 MPH)
Top of the 9th over - 0 runs, 1 hit, 0 errors, 1 left on base; Beloit 5 - Charleston 5
BOTTOM OF THE 9TH
Charleston RiverDogs batting - Pitching for Beloit Snappers : RHP Ubbe Dekker
Now at C: Chris Hamilton
Batting: RHB Nick Massengale 0-0: Called Strike
0-1: Foul Ball, location: 2F
0-2: Foul Ball, location: 2F
0-2: Ball
1-2: Fly out, F2 (Popup, 2L, EV 98.1 MPH)
Batting: SHB Mike Goad 0-0: Called Strike
0-1: SINGLE (Groundball, 13S, EV 76.9 MPH) (infield hit)
Batting: SHB Reagan Dudley 0-0: Called Strike
Mike Goad steals 2nd, throwing error, E2
Mike Goad to third
0-1: Ball
1-1: Squeeze Bunt to 56S - play home, runner OUT, batter safe! 1-2
Batting: RHB James Boynton 0-0: Called Strike
0-1: Swinging Strike
0-2: Foul Ball, location: 2F
0-2: Strikes out looking
Bottom of the 9th over - 0 runs, 1 hit, 1 error, 1 left on base; Beloit 5 - Charleston 5
TOP OF THE 10TH
Beloit Snappers batting - Pitching for Charleston RiverDogs : RHP Gustavo Amparo
Pitching: RHP Bruce Cruz
Batting: SHB D.J. Codd 0-0: Called Strike
0-1: Ground out 4-3 (Groundball, 4, EV 81.3 MPH)
Batting: LHB Nick Pacheco 0-0: Called Strike
0-1: SINGLE (Flyball, 8RS, EV 85.6 MPH)
Batting: RHB Manny Moron 0-0: Sac Bunt to 23 - play at first, batter OUT! 3-4
Nick Pacheco to second
Batting: RHB Travis Lanctot 0-0: Ball
1-0: Swinging Strike
1-1: Foul Ball, location: 2F
1-2: Foul Ball, location: 2F
1-2: Ball
2-2: Ball
3-2: Strikes out looking
Top of the 10th over - 0 runs, 1 hit, 0 errors, 1 left on base; Beloit 5 - Charleston 5
BOTTOM OF THE 10TH
Charleston RiverDogs batting - Pitching for Beloit Snappers : RHP Ubbe Dekker
Pitching: RHP Andrew Douglas
Batting: RHB Mike Gifford 0-0: Called Strike
0-1: Called Strike
0-2: Ball
1-2: Ball
2-2: SINGLE (Groundball, 6D, EV 97.5 MPH)
Batting: LHB Tatsuo Yasui 0-0: Ball
1-0: Ball
Mike Gifford steals 2nd base
2-0: Intentional Walk
Batting: RHB Steve Martin 0-0: Bunted foul
0-1: Bunt missed!
0-2: Ball
1-2: Foul Ball, location: 2F
1-2: Ball
2-2: Foul Ball, location: 2F
2-2: Foul Ball, location: 2F
2-2: Strikes out swinging
Batting: RHB Eric Blais 0-0: Ball
1-0: Foul Ball, location: 2F
1-1: Called Strike
1-2: Strikes out looking
Batting: RHB Miguel Leal 0-0: Called Strike
0-1: Called Strike
0-2: Ball
1-2: Strikes out looking
Bottom of the 10th over - 0 runs, 1 hit, 0 errors, 2 left on base; Beloit 5 - Charleston 5
TOP OF THE 11TH
Beloit Snappers batting - Pitching for Charleston RiverDogs : RHP Bruce Cruz
Pinch Hitting: RHB Moses Brokken 0-0: Ground out 6-3 (Groundball, 6, EV 82.5 MPH)
Pinch Hitting: RHB Scott Wiggs 0-0: Swinging Strike
0-1: Ball
1-1: Ball
2-1: Foul Ball, location: 2F
2-2: Strikes out swinging
Batting: RHB Willie de los Santos 0-0: Called Strike
0-1: Ball
1-1: Ball
2-1: Swinging Strike
2-2: Strikes out looking
Top of the 11th over - 0 runs, 0 hits, 0 errors, 0 left on base; Beloit 5 - Charleston 5
BOTTOM OF THE 11TH
Charleston RiverDogs batting - Pitching for Beloit Snappers : RHP Andrew Douglas
Now at C: Brian Rathbun
Now in LF: D.J. Codd
Now in RF: Moses Brokken
Batting: RHB Nick Massengale 0-0: Swinging Strike
0-1: Ball
1-1: Foul Ball, location: 2F
1-2: Strikes out swinging
Batting: SHB Mike Goad 0-0: Foul Ball, location: 2F
0-1: Ball
1-1: Ground out 6-3 (Groundball, P, EV 82.5 MPH)
Batting: SHB Reagan Dudley 0-0: Ball
1-0: SOLO HOME RUN (Flyball, 7LD, EV 96.3 MPH), Distance : 367 ft
Bottom of the 11th over - 1 run, 1 hit, 0 errors, 0 left on base; Beloit 5 - Charleston 6
Game Over ... Charleston defeats Beloit, 6 to 5
Thursday, March 31st , 2022 - OOTP Baseball 22.12 Build 89